 Dungeon Crawl Stone Soup version 0.20-a0-795-ga03948b (console) character file.

2315 nht the Martial Artist (level 9, -9/64 HPs)
             Began as a Black Draconian Transmuter on Mar 1, 2017.
             Was an Initiate of Wu Jian.
             Mangled by a crocodile (19 damage)
             ... on level 8 of the Dungeon.
             The game lasted 00:09:58 (7152 turns).

nht the Martial Artist (Black Draconian Transmuter) Turns: 7152, Time: 00:09:59

Health: -9/64      AC:  2    Str: 14    XL:     9   Next: 18%
Magic:  10/12      EV: 20    Int: 16    God:    Wu Jian [......]
Gold:   435        SH:  0    Dex: 18    Spells: 0/12 levels left

rFire    + . .     SeeInvis .     - Unarmed
rCold    x . .     Gourm    .   (armour unavailable)
rNeg     . . .     Faith    .   (shield currently unavailable)
rPois    x         Spirit   .   (helmet currently unavailable)
rElec    .         Reflect  .   (cloak currently unavailable)
rCorr    .         Harm     .   (gloves currently unavailable)
MR       .....                  (boots currently unavailable)
Stlth    ++........             (no amulet)
Regen    0.2/turn               v - ring of fire
MPRegen  0.2/turn               k - +1 ring of evasion

@: spider-form
A: (breathe lightning), unfitting armour, (fangs 0), (horns 0), (electricity
resistance), strong 1, (cold-blooded), AC +7
a: End Transformation, Renounce Religion


You were on level 8 of the Dungeon.
You worshipped Wu Jian.
Wu Jian was noncommittal.
You were hungry.
You were a venomous arachnid creature.
You visited 2 branches of the dungeon, and saw 9 of its levels.

You collected 435 gold pieces.

Inventory:

Hand Weapons
 s - the +10 short sword "Goblinslayer" {speed, MR+, unknown}
   (You found it on level 6 of the Dungeon)

   Attacks with this weapon are significantly faster.
   It affects your resistance to hostile enchantments.
Missiles
 a - 96 arrows
Armour
 g - a +0 pair of gloves (melded)
Jewellery
 k - a +1 ring of evasion (left front leg)
 v - a ring of fire (right front leg)
Wands
 t - a wand of flame (29/48)
Scrolls
 e - a scroll of teleportation
 i - 2 scrolls of enchant weapon
 m - a scroll of identify
 n - a scroll of blinking
 q - 4 scrolls of remove curse
Potions
 h - a potion of cancellation
 l - a potion of heal wounds
 p - a potion of might
 r - 2 potions of mutation
 w - a potion of brilliance
Books
 b - a book of Changes

   Spells                             Type                      Level
   a - Beastly Appendage              Transmutation                1
   b - Sticks to Snakes               Transmutation                2
   c - Spider Form                    Transmutation/Poison         3
   d - Ice Form                       Ice/Transmutation            4
   e - Blade Hands                    Transmutation                5
 o - a book of Debilitation

   Spells                             Type                      Level
   a - Corona                         Hexes                        1
   b - Slow                           Hexes                        2
   c - Inner Flame                    Hexes/Fire                   3
   d - Portal Projectile              Hexes/Translocation          3
   e - Cause Fear                     Hexes                        4
   f - Leda's Liquefaction            Hexes/Earth                  4
Comestibles
 c - 11 bread rations
 d - 4 meat rations
 f - 4 fruits
 j - 4 royal jellies
 u - 2 chunks of flesh


   Skills:
 - Level 1.1 Fighting
 - Level 1.7 Dodging
 * Level 10.4 Unarmed Combat
 - Level 2.0 Spellcasting
 + Level 7.3 Transmutations


You couldn't memorise any spells.
You knew the following spells:

 Your Spells              Type           Power        Failure   Level  Hunger
a - Blade Hands           Tmut           ####......   56%         5    ######.
b - Spider Form           Tmut/Pois      ##........   32%         3    ###....
c - Ice Form              Ice/Tmut       ##......     71%         4    #####..


Dungeon Overview and Level Annotations

Branches:
Dungeon (8/15)             Temple (1/1) D:7
   Lair: D:8-11

Altars:
Cheibriados
Dithmenos
Fedhas
Gozag
Okawaru
Qazlal
Trog
Uskayaw
Vehumet
Wu Jian
Xom
Zin
The Shining One


Innate Abilities, Weirdness & Mutations

((You can breathe wild blasts of lightning.))
((Your glossy black scales are hard. (AC +7)))
You cannot fit into any form of body armour.
((You are resistant to electric shocks. (rElec)))
((You are cold-blooded and may be slowed by cold attacks.))
((You have very sharp teeth.))
((You have a pair of small horns on your head.))
Your muscles are strong. (Str +2)


Message History

The crocodile is lightly wounded.
You hit the crocodile.
The crocodile looks as sick as possible!
The crocodile is lightly wounded.
The crocodile misses you.
You hit the crocodile but do no damage.
The crocodile looks as sick as possible!
The crocodile is lightly wounded.
The crocodile bites you!!
* * * LOW HITPOINT WARNING * * *
You barely miss the crocodile.
The crocodile is lightly wounded.
The crocodile closely misses you.
You see here an adder corpse.
Okay, then.
You hit the crocodile.
The crocodile looks as sick as possible!
The crocodile is almost dead.
The crocodile bites you!!
You die...

█. .█ █ █.█.█.█.
█.█.█.█.
█.█...█.█ █
█.█.█.█.██
█.█.........
█.█.....█.█
█...s.....███
█.█t█.....<†█
█.█...███████[█.
█.....†......[[.█
█████<..........█
█...........F.
█..............
█..........?.....
██.....=.........


You could see a crocodile.

Vanquished Creatures
  Pikel (D:7)
  2 slaves (D:7)
  A hornet zombie (D:5)
  A phantom (D:4)
  4 ogres
  2 centaurs (D:5)
  4 bullfrogs
  A big kobold (D:7)
  3 scorpions
  A howler monkey (D:7)
  5 crimson imps
  A hound (D:4)
  A bullfrog zombie (D:6)
  A bullfrog skeleton (D:5)
  3 iguanas
  2 orc wizards
  4 worker ants
  A killer bee zombie (D:5)
  A hound zombie (D:7)
  A howler monkey zombie (D:5)
  5 adders
  A howler monkey skeleton (D:4)
  2 adder skeletons
  5 worms
  2 dart slugs (D:2)
  2 leopard geckos
  16 orcs
  2 ball pythons
  7 giant cockroaches
  5 goblins
  7 hobgoblins
  4 jackals (D:2)
  3 quokkas
  6 bats
  4 frilled lizards
  8 kobolds
  A quokka zombie (D:5)
  3 rats
123 creatures vanquished.

Notes
Turn   | Place    | Note
-------+----------+-------------------------------------------
     0 | D:1      | nht the Draconian Transmuter began the quest for the Orb.
     0 | D:1      | Reached XP level 1. HP: 16/16 MP: 3/3
   167 | D:1      | Reached XP level 2. HP: 20/23 MP: 5/5
  1131 | D:2      | Reached XP level 3. HP: 26/28 MP: 6/6
  1213 | D:2      | Found a shadowy altar of Dithmenos.
  1216 | D:2      | Found a shimmering altar of Xom.
  1217 | D:2      | Found a blossoming altar of Fedhas.
  1505 | D:2      | Reached skill level 4 in Unarmed Combat
  1639 | D:2      | Learned a level 3 spell: Spider Form
  1803 | D:3      | Noticed an ogre
  2582 | D:3      | Reached XP level 4. HP: 33/35 MP: 7/7
  2705 | D:3      | Killed an ogre
  2705 | D:3      | Reached XP level 5. HP: 40/40 MP: 4/8
  2873 | D:4      | Reached skill level 5 in Unarmed Combat
  3241 | D:4      | Noticed an ogre
  3252 | D:4      | Killed an ogre
  3252 | D:4      | Reached XP level 6. HP: 27/47 MP: 2/9
  3396 | D:4      | Reached skill level 6 in Unarmed Combat
  3599 | D:4      | Gained mutation: Your muscles are strong. (Str +2) [potion of mutation]
  3599 | D:4      | Gained mutation: You have a pair of small horns on your head. [potion of mutation]
  3599 | D:4      | Gained mutation: You have very sharp teeth. [potion of mutation]
  3600 | D:4      | Reached skill level 5 in Transmutations
  3600 | D:4      | Your scales start taking on a glossy black colour.
  3600 | D:4      | Reached XP level 7. HP: 10/52 MP: 8/10
  3600 | D:4      | Gained mutation: You are resistant to electric shocks. (rElec) [Black Draconian growth]
  4039 | D:5      | Entered Level 5 of the Dungeon
  4077 | D:5      | Reached skill level 7 in Unarmed Combat
  4697 | D:5      | Found a stormy altar of Qazlal.
  4708 | D:5      | Reached skill level 8 in Unarmed Combat
  4708 | D:5      | Reached XP level 8. HP: 19/59 MP: 4/11
  5613 | D:6      | Got a crude short sword
  5753 | D:6      | Reached skill level 9 in Unarmed Combat
  6736 | D:7      | Noticed Pikel
  6761 | D:7      | Killed Pikel
  6761 | D:7      | Reached skill level 10 in Unarmed Combat
  6761 | D:7      | Reached XP level 9. HP: 62/64 MP: 9/12
  6778 | D:7      | Found a staircase to the Ecumenical Temple.
  6788 | Temple   | Entered the Ecumenical Temple
  6864 | Temple   | Became a worshipper of the Wu Jian Council
  7105 | D:7      | Learned a level 5 spell: Blade Hands
  7110 | D:7      | Learned a level 4 spell: Ice Form
  7152 | D:8      | Mangled by a crocodile

Vault maps used:
D:1:      dpeg_arrival_boxorama
D:2:      minitemple
D:3:      first_bread, serial_co_window_serial, co_window_paths_a,
          co_window_cross_1, co_window_paths_a, co_window_paths_b,
          co_window_paths_a, co_window_paths_a, co_window_broadway_c,
          co_window_paths_c, co_window_corner_cb, co_window_unsneaky_path_c,
          co_window_2corner, co_window_of_opportunity_b,
          co_window_of_opportunity_c, co_window_paths_e, glass_columns_c,
          glass_columns_c, hangedman_decor_points, moated_statue
D:5:      nicolae_qazlal_eye_of_the_storm, minmay_misc_feat_plants,
          minmay_holes, grunt_ministairs_15
D:7:      minmay_temple_entry_poolview, uniq_pikel
D:8:      grunt_ogre_cave
Temple:   dpeg_five_rooms_temple

Skill      XL: |  1  2  3  4  5  6  7  8 |
---------------+-------------------------+-----
Transmutations | 3 4 5 7 |  7.3
Unarmed Combat | 4 5 6 8 10 | 10.4
Fighting       | |  1.1
Dodging        | |  1.7
Spellcasting   | |  2.0

Action                   |  1- 3 |  4- 6 |  7- 9 || total
-------------------------+-------+-------+-------++-------
Melee: Unarmed           |   153 |    89 |   275 ||   517
       Tailslap          |    12 |     2 |    18 ||    32
       Kick              |     4 |       |     8 ||    12
       Headbutt          |     2 |       |    30 ||    32
       Punch             |     2 |       |     7 ||     9
       Bite              |       |       |    18 ||    18
 Cast: Beastly Appendage |     5 |       |     3 ||     8
       Spider Form       |       |     6 |    12 ||    18
  Use: Potion            |     2 |     1 |     1 ||     4
       Scroll            |     7 |       |     7 ||    14
 Stab: Sleeping          |     1 |     1 |       ||     2
  Eat: Chunk             |     5 |     5 |    13 ||    23
Armor: Skin              |    46 |    11 |    35 ||    92
Dodge: Dodged            |   106 |    56 |   195 ||   357
